 Dungeon Crawl Stone Soup version 0.19.0 (webtiles) character file.

912 AlphabetPasta the Gusty (level 7, -11/43 HPs)
             Began as a High Elf Air Elementalist on Nov 14, 2016.
             Mangled by Menkaure (21 damage)
             ... on level 5 of the Dungeon.
             The game lasted 00:19:06 (4349 turns).

AlphabetPasta the Gusty (High Elf Air Elementalist) Turns: 4349, Time: 00:19:07

Health: -11/43     AC:  4    Str:  7    XL:     7   Next: 82%
Magic:  9/15       EV: 13    Int: 22    God:
Gold:   255        SH:  0    Dex: 15    Spells: 4 memorised, 8 levels left

rFire  . . .     SeeInvis .     r - +0 falchion
rCold  + . .     Gourm    .     a - +1 robe
rNeg   . . .     Faith    .     (no shield)
rPois  .         Spirit   .     (no helmet)
rElec  .         Reflect  .     s - +0 cloak
rCorr  .         Harm     .     (no gloves)
MR     .....                    (no boots)
Stlth  ++........               (no amulet)
                                n - ring of protection from cold
                                (no ring)

@: repel missiles
A: no striking features
a: no special abilities


You were on level 5 of the Dungeon.
You were not hungry.

You visited 1 branch of the dungeon, and saw 5 of its levels.

You collected 255 gold pieces.

Inventory:

Hand Weapons
 g - a +1 short sword
 r - a +0 falchion (weapon)
Armour
 a - a +1 robe (worn)
 s - a +0 cloak (worn)
Jewellery
 n - a ring of protection from cold (right hand)
 o - an uncursed ring of ice
Wands
 j - a wand of digging (7/24)
Scrolls
 e - 2 scrolls of remove curse
 h - 2 scrolls of fog
 l - 2 scrolls of recharging
Potions
 f - 3 potions of brilliance
 m - a potion of mutation {unknown}
 p - 2 potions of haste
 q - 2 potions of lignification {unknown}
 t - a potion of curing {unknown}
 u - a potion of ambrosia {unknown}
 v - a potion of cancellation {unknown}
 w - a potion of beneficial mutation {unknown}
 x - a potion of heal wounds {unknown}
Books
 b - a book of Air

   Spells                             Type                      Level
   a - Shock                          Conjuration/Air              1
   b - Swiftness                      Charms/Air                   2
   c - Repel Missiles                 Charms/Air                   2
   d - Static Discharge               Conjuration/Air              3
   e - Lightning Bolt                 Conjuration/Air              5
Comestibles
 c - 3 bread rations
 d - a slice of pizza
 i - 3 meat rations
 k - 2 chunks of flesh


   Skills:
 + Level 1.4 Fighting
 - Level 2.6(3.1) Short Blades
 - Level 2.3(3.0) Long Blades
 - Level 2.1 Dodging
 - Level 2.1 Stealth
 + Level 5.2 Spellcasting
 + Level 4.1 Conjurations
 * Level 7.7 Air Magic


You had 8 spell levels left.
You knew the following spells:

 Your Spells              Type           Power        Failure   Level  Hunger
a - Shock                 Conj/Air       ####         1%          1    None
b - Repel Missiles        Chrm/Air       ###...       3%          2    None
c - Swiftness             Chrm/Air       ###.....     3%          2    None
d - Static Discharge      Conj/Air       ####....     2%          3    ##.....


Dungeon Overview and Level Annotations

Branches:
Dungeon (5/15)
 Temple: D:4-7

Altars:
Ashenzari
Hepliaklqana
The Shining One

Annotations:
D:5 Menkaure


Message History

Casting: Shock
Confirm with . or Enter, or press ? or * to list all spells.
Aiming: Shock
Press: ? - help, Shift-Dir - straight line, f/p - Menkaure
Aim: Menkaure (fast)
The zap hits Menkaure.
Menkaure is moderately damaged.
Menkaure hits you!
* * * LOW HITPOINT WARNING * * *
Casting: Shock
Confirm with . or Enter, or press ? or * to list all spells.
Aiming: Shock
Press: ? - help, Shift-Dir - straight line, f/p - Menkaure
Aim: Menkaure (moderately damaged, fast)
The zap hits Menkaure.
Menkaure is heavily damaged.
Menkaure barely misses you.
You riposte.
You hit Menkaure but do no damage.
Menkaure is heavily damaged.
Menkaure hits you!!
You die...

.. .... ... ## ...#
...##.####..)#
.........(...#
.............#
.............#
.............# #####
#M##...#########
#...####@##...#........
#.............#........
#.............#........
#.............'........
#.............#........
#.............#........
#.............#........
#.............#........
#......#...####........


You could see Menkaure.

Vanquished Creatures
  The ghost of Danakh the Sneak, an amateur VSAs of Okawaru (D:4)
  Sigmund (D:2)
  2 scorpions
  A howler monkey (D:3)
  2 crimson imps (D:4)
  A hound (D:5)
  An orc priest (D:3)
  Terence (D:2)
  An orc wizard (D:3)
  3 worker ants (D:4)
  A hound skeleton (D:4)
  A worker ant zombie (D:5)
  3 gnolls (D:2)
  7 adders
  An ooze (D:4)
  4 worms (D:2)
  A dart slug (D:3)
  2 leopard geckos
  8 orcs
  12 bats
  3 giant cockroaches
  6 hobgoblins
  8 jackals
  2 quokkas (D:2)
  7 frilled lizards
  4 goblins
  4 goblin skeletons (D:4)
  2 goblin zombies (D:4)
  2 hobgoblin zombies (D:4)
  A jackal skeleton (D:4)
  7 kobolds
  A kobold skeleton (D:4)
  2 kobold zombies (D:4)
  3 orc skeletons (D:4)
  9 rats
115 creatures vanquished.

Notes
Turn   | Place    | Note
-------+----------+-------------------------------------------
     0 | D:1      | AlphabetPasta the High Elf Air Elementalist began the quest for the Orb.
     0 | D:1      | Reached XP level 1. HP: 11/11 MP: 4/4
   357 | D:1      | Reached XP level 2. HP: 15/17 MP: 4/6
   426 | D:1      | Reached skill level 4 in Air Magic
   448 | D:1      | Learned a level 2 spell: Repel Missiles
   451 | D:1      | Learned a level 2 spell: Swiftness
  1091 | D:2      | Noticed Terence
  1109 | D:2      | Killed Terence
  1109 | D:2      | Reached XP level 3. HP: 6/21 MP: 0/8
  1347 | D:2      | Reached skill level 1 in Short Blades
  1365 | D:2      | Reached XP level 4. HP: 27/27 MP: 2/10
  1547 | D:2      | Noticed Sigmund
  1564 | D:2      | Killed Sigmund
  1564 | D:2      | Reached skill level 5 in Air Magic
  1564 | D:2      | Reached XP level 5. HP: 31/31 MP: 8/12
  1614 | D:2      | Found a hazy altar of Hepliaklqana.
  1614 | D:2      | Found a shattered altar of Ashenzari.
  1808 | D:2      | Learned a level 3 spell: Static Discharge
  2123 | D:2      | Reached XP level 6. HP: 36/36 MP: 7/13
  2336 | D:3      | Reached skill level 6 in Air Magic
  2784 | D:3      | Reached skill level 1 in Fighting
  3338 | D:4      | Noticed Danakh's ghost (amateur VSAs)
  3541 | D:4      | Reached skill level 1 in Long Blades
  3541 | D:4      | Reached XP level 7. HP: 33/43 MP: 5/14
  3757 | D:4      | Found a glowing golden altar of the Shining One.
  3861 | D:4      | Reached skill level 7 in Air Magic
  3930 | D:4      | Killed Danakh's ghost
  3930 | D:4      | Reached skill level 5 in Spellcasting
  4288 | D:5      | Entered Level 5 of the Dungeon
  4343 | D:5      | Noticed Menkaure
  4349 | D:5      | Mangled by Menkaure

Skill      XL: |  1  2  3  4  5  6  7 |
---------------+----------------------+-----
Air Magic      | 4 5 6 7 |  7.7
Spellcasting   | 3 4 5 |  5.2
Short Blades   | 1 2 |  2.6
Conjurations   | 2 3 4 |  4.1
Fighting       | 1 |  1.4
Long Blades    | 1 2 |  2.3
Dodging        | |  2.1
Stealth        | |  2.1

Action                   |  1- 3 |  4- 6 |  7- 9 || total
-------------------------+-------+-------+-------++-------
Melee: Unarmed           |    19 |       |       ||    19
       Short sword       |    10 |     8 |       ||    18
       Falchion          |       |     3 |     4 ||     7
 Cast: Shock             |    55 |   134 |    63 ||   252
       Repel Missiles    |     1 |       |       ||     1
       Static Discharge  |       |     1 |       ||     1
  Use: Scroll            |     4 |     7 |       ||    11
       Potion            |       |     1 |       ||     1
  Eat: Chunk             |     1 |     7 |     1 ||     9
       Beef jerky        |       |       |     1 ||     1
Armor: Robe              |     7 |     5 |     2 ||    14
Dodge: Dodged            |    33 |    28 |     6 ||    67
       Rpst.: Falchion   |       |     3 |     2 ||     5
